 Dungeon Crawl Stone Soup version 0.26-a0-682-g294304f6e8 (webtiles) character file.

Game seed: 16006423480431784135

355 Gargoyl the Skirmisher (level 6, -10/53 HPs)
             Began as a Gnoll Abyssal Knight on Oct 20, 2020.
             Was a Believer of Lugonu.
             Killed by divine providence
             ... invoked by an orc priest
              (14 damage)
             ... on level 4 of the Dungeon.
             The game lasted 00:04:16 (3529 turns).

Gargoyl the Skirmisher (Gnoll Abyssal Knight)       Turns: 3529, Time: 00:04:17

Health: -10/53     AC: 14    Str: 17    XL:     6   Next: 63%
Magic:  9/9        EV:  2    Int: 14    God:    Lugonu [**....]
Gold:   342        SH: 12    Dex: 14    Spells: 9/9 levels left

rFire    . . .     SeeInvis .   a - +3 hand axe
rCold    . . .     Faith    .   c - +0 tower shield
rNeg     . . .     Spirit   .   o - +0 plate armour
rPois    .         Reflect  .   (no helmet)
rElec    .         Harm     .   (no cloak)
rCorr    .         Rampage  .   (no gloves)
MR       +....                  n - +1 pair of boots
Stlth    ..........             (no amulet)
HPRegen  0.17/turn              f - ring of protection from magic
MPRegen  0.11/turn              (no ring)

@: lethally poisoned (-10 -> -11)
A: distributed training, fangs 1, strong nose
a: Depart the Abyss, Bend Space, Renounce Religion


You were on level 4 of the Dungeon.
You worshipped Lugonu.
Lugonu was pleased with you.
You visited 1 branch of the dungeon, and saw 4 of its levels.
You visited the Abyss 1 time.

You collected 342 gold pieces.

Inventory:

Hand Weapons
 a - a +3 hand axe (weapon)
Missiles
 g - 6 poisoned darts (quivered)
Armour
 c - a +0 tower shield (worn)
 n - a +1 pair of boots (worn)
 o - a +0 plate armour (worn)
Jewellery
 f - a ring of protection from magic (left hand)
Scrolls
 d - 4 scrolls of teleportation
 e - a scroll of identify
Potions
 b - a potion of might
 h - a potion of magic
 k - a potion of resistance
 m - a potion of flight {unknown}
 p - a potion of heal wounds {unknown}


   Skills:
 + Level 6.8 Fighting
 + Level 2.0 Short Blades
 + Level 2.0 Long Blades
 + Level 5.0 Axes
 + Level 2.0 Maces & Flails
 + Level 2.0 Polearms
 + Level 2.0 Staves
 + Level 2.0 Slings
 + Level 2.0 Bows
 + Level 2.0 Crossbows
 + Level 2.0 Throwing
 + Level 5.0 Armour
 + Level 3.3 Dodging
 + Level 2.0 Stealth
 + Level 2.0 Shields
 + Level 2.0 Unarmed Combat
 + Level 2.0 Spellcasting
 + Level 1.6 Conjurations
 + Level 1.6 Hexes
 + Level 1.6 Summonings
 + Level 1.6 Necromancy
 + Level 1.6 Translocations
 + Level 1.6 Transmutations
 + Level 1.6 Fire Magic
 + Level 1.6 Ice Magic
 + Level 1.6 Air Magic
 + Level 1.6 Earth Magic
 + Level 1.6 Poison Magic
 + Level 5.1 Invocations
 + Level 2.0 Evocations


You had 9 spell levels left.
You didn't know any spells.
Your spell library was empty.

Dungeon Overview and Level Annotations

Branches:
Dungeon (4/15)
 Temple: D:4-7

Altars:
Ashenzari
Cheibriados
Kikubaaqudgha
Okawaru
Qazlal
Ru
Xom


Innate Abilities, Weirdness & Mutations

Your experience applies equally to all skills.
You have very sharp teeth.
Your uncanny sense of smell can sniff out nearby items.


Message History

You miss the orc wizard.
The orc wizard mumbles some strange words.
The orc wizard blinks!
The orc priest invokes the aid of Beogh against you.
Beogh smites you!
* * * LOW HITPOINT WARNING * * *
The orc wizard mumbles some strange words.
The orc wizard blinks!
You barely miss the orc. You hit the hound.
You feel sick. The hound bites you but does no damage.
You block the orc's attack.
The orc wizard casts a spell.
The orc wizard blinks!
The hound bites you.
* * * LOW HITPOINT WARNING * * *
You hit the orc.
The orc is lightly wounded.
You closely miss the hound. You block the hound's attack.
The orc hits you but does no damage.
The orc priest mumbles some strange prayers to Beogh against you.
Beogh smites you!
You die...

##### #...# #...#
...# #..# ∆ . #
#..# ).. #
###?#####.....
### #.).oo@h..#
..# ###)#.#######
#.### #...#...
#...####..###o#.#
∆ ###..§#..##
#.#.# #
###...#####o# # .
#....o..#.# .
#.#####...# . #.#


You could see a hound, an orc priest and an orc.

Vanquished Creatures
  An ogre (D:4)
  Natasha (thrice) (D:3)
  3 worker ants
  4 gnolls (D:3)
  An adder (D:2)
  2 worms (D:3)
  A dart slug (D:1)
  A leopard gecko (D:2)
  4 orcs (D:4)
  7 bats
  2 giant cockroaches
  7 goblins
  9 hobgoblins
  7 jackals
  A quokka (D:3)
  A ball python (D:2)
  5 frilled lizards
  7 kobolds
  4 rats
70 creatures vanquished.

Notes
Turn   | Place    | Note
-------+----------+-------------------------------------------
     0 | Abyss:1  | Gargoyl the Gnoll Abyssal Knight began the quest for the
                  | Orb.
     0 | Abyss:1  | Reached XP level 1. HP: 23/23 MP: 3/3
   111 | Abyss:1  | Noticed a chaos spawn
   137 | Abyss:2  | Found a corrupted altar of Lugonu.
   176 | Abyss:2  | Noticed a tentacled starspawn
   252 | Abyss:2  | Noticed a smoke demon
   255 | D:1      | Escaped the Abyss
   506 | D:1      | Reached * piety under Lugonu
   506 | D:1      | Reached XP level 2. HP: 29/29 MP: 5/5
   998 | D:1      | Reached XP level 3. HP: 32/35 MP: 6/6
  1767 | D:2      | Found an ancient bone altar of Kikubaaqudgha.
  2086 | D:2      | Found a broken altar of Ashenzari.
  2185 | D:3      | Noticed Natasha
  2187 | D:3      | Reached skill level 1 in Short Blades
  2187 | D:3      | Reached skill level 1 in Long Blades
  2187 | D:3      | Reached skill level 1 in Maces & Flails
  2187 | D:3      | Reached skill level 1 in Polearms
  2187 | D:3      | Reached skill level 1 in Staves
  2187 | D:3      | Reached skill level 1 in Slings
  2187 | D:3      | Reached skill level 1 in Bows
  2187 | D:3      | Reached skill level 1 in Crossbows
  2187 | D:3      | Reached skill level 1 in Throwing
  2187 | D:3      | Reached skill level 1 in Stealth
  2187 | D:3      | Reached skill level 1 in Shields
  2187 | D:3      | Reached skill level 1 in Unarmed Combat
  2187 | D:3      | Reached skill level 1 in Spellcasting
  2187 | D:3      | Reached skill level 1 in Evocations
  2198 | D:3      | Killed Natasha
  2198 | D:3      | Reached ** piety under Lugonu
  2198 | D:3      | Reached XP level 4. HP: 29/41 MP: 7/7
  2327 | D:3      | Reached skill level 1 in Conjurations
  2327 | D:3      | Reached skill level 1 in Hexes
  2327 | D:3      | Reached skill level 1 in Summonings
  2327 | D:3      | Reached skill level 1 in Necromancy
  2327 | D:3      | Reached skill level 1 in Translocations
  2327 | D:3      | Reached skill level 1 in Transmutations
  2327 | D:3      | Reached skill level 1 in Fire Magic
  2327 | D:3      | Reached skill level 1 in Ice Magic
  2327 | D:3      | Reached skill level 1 in Air Magic
  2327 | D:3      | Reached skill level 1 in Earth Magic
  2327 | D:3      | Reached skill level 1 in Poison Magic
  2581 | D:3      | Found a stormy altar of Qazlal.
  2581 | D:3      | Found a snail-covered altar of Cheibriados.
  2582 | D:3      | Found a sacrificial altar of Ru.
  2590 | D:3      | Reached XP level 5. HP: 46/47 MP: 8/8
  2682 | D:3      | Noticed Natasha
  2693 | D:3      | Killed Natasha
  3253 | D:3      | Noticed Natasha
  3264 | D:3      | Killed Natasha
  3368 | D:3      | Found a shimmering altar of Xom.
  3370 | D:3      | Found an iron altar of Okawaru.
  3473 | D:4      | Reached skill level 5 in Invocations
  3473 | D:4      | Reached XP level 6. HP: 52/53 MP: 9/9
  3508 | D:4      | Reached skill level 5 in Axes
  3508 | D:4      | Reached skill level 5 in Armour
  3529 | D:4      | Killed from afar by an orc priest

Illustrated notes

Levels and vault maps discovered:
D:1:      minmay_arrival_plants_in_alcoves, layout_basic, item_on_display_a
D:2:      layout_basic, lemuel_coloured_pillars_altar, lemuel_tele_altar
D:3:      layout_basic, nicolae_overflow_hidden_temple, uniq_natasha
D:4:      layout_rooms, minmay_temple_entry_antechambers,
          grunt_qazlal_sundering, uniq_grinder

Skill      XL: |  1  2  3  4  5  6 |
---------------+-------------------+-----
Short Blades   | 1 2 |  2.0
Long Blades    | 1 2 |  2.0
Maces & Flails | 1 2 |  2.0
Polearms       | 1 2 |  2.0
Staves         | 1 2 |  2.0
Slings         | 1 2 |  2.0
Bows           | 1 2 |  2.0
Crossbows      | 1 2 |  2.0
Throwing       | 1 2 |  2.0
Stealth        | 1 2 |  2.0
Shields        | 1 2 |  2.0
Unarmed Combat | 1 2 |  2.0
Spellcasting   | 1 2 |  2.0
Evocations     | 1 2 |  2.0
Conjurations   | 1 |  1.6
Hexes          | 1 |  1.6
Summonings     | 1 |  1.6
Necromancy     | 1 |  1.6
Translocations | 1 |  1.6
Transmutations | 1 |  1.6
Fire Magic     | 1 |  1.6
Ice Magic      | 1 |  1.6
Air Magic      | 1 |  1.6
Earth Magic    | 1 |  1.6
Poison Magic   | 1 |  1.6
Dodging        | 3 |  3.3
Invocations    | 5 |  5.1
Axes           | 5 |  5.0
Armour         | 5 |  5.0
Fighting       | |  6.8

Action                   |  1- 3 |  4- 6 || total
-------------------------+-------+-------++-------
Melee: Hand axe          |   103 |   104 ||   207
       Bite              |     7 |    17 ||    24
Throw: Dart              |     3 |     7 ||    10
Invok: Depart the Abyss  |     1 |       ||     1
  Use: Scroll            |     5 |    10 ||    15
Armor: Leather armour    |    20 |       ||    20
       Scale mail        |    23 |       ||    23
       Plate armour      |     6 |    68 ||    74
Dodge: Dodged            |    22 |     5 ||    27
Block: Tower shield      |    67 |    73 ||   140

Table legend: (Time is in decaauts)
 A = Elapsed time spent in this place.
 B = Non-inter-level travel time spent in this place.
 C = Inter-level travel time spent in this place.
 D = Time resting spent in this place.
 E = Time spent auto-exploring this place.
 F = Levels seen in this place.
 G = Mean time per level.
                   A        B        C        D        E       F      G
               +--------+--------+--------+--------+--------+-----+--------+
         Total |   3576 |   3468 |    108 |    417 |   2334 |   6 |  596.0 |
       Dungeon |   3321 |   3213 |    108 |    417 |   2121 |   4 |  830.2 |
         Abyss |    254 |    254 |      0 |      0 |    213 |   2 |  127.0 |
               +--------+--------+--------+--------+--------+-----+--------+

Top non-repeatable levels by time:
     D:3: 1283 daAuts
     D:1: 1070 daAuts
     D:2: 879 daAuts
 Abyss:1: 130 daAuts
 Abyss:2: 124 daAuts
     D:4: 87 daAuts
